 Dungeon Crawl Stone Soup version 0.28.0-1-gb440e238dd (webtiles) character file.

Game seed: 4091761791329275905

159 spaghetti the Sneak (level 5, -5/41 HPs)
             Began as a Demonspawn Delver on Feb 19, 2022.
             Slain by Edmund (8 damage)
             ... on level 6 of the Dungeon.
             The game lasted 00:04:30 (871 turns).

spaghetti the Sneak (Demonspawn Delver)              Turns: 871, Time: 00:04:31

Health: -5/41      AC:  4    Str: 14    XL:     5   Next: 17%
Magic:  5/5        EV: 11    Int: 14    God:
Gold:   0          SH:  0    Dex: 14    Spells: 4/4 levels left

rFire   . . .      SeeInvis .   j - +8 frozen axe "Frostbite" {freezing cloud, *Noise Fly rC+}
rCold   + . .      Faith    .   (shield currently unavailable)
rNeg    . . .      Spirit   .   a - +0 leather armour
rPois   .          Reflect  .   (no helmet)
rElec   .          Harm     .   h - +0 cloak
rCorr   .          Rampage  .   (no gloves)
Will    .....      Clarity  +   (no boots)
Stlth   ++........              (no amulet)
HPRegen 0.13/turn               (no ring)
MPRegen 0.09/turn               (no ring)

@: flying
A: big brain 1, demonic magic 1, weakness stinger 1, clarity, screaming 1
a: no special abilities


You were on level 6 of the Dungeon.
You visited 1 branch of the dungeon, and saw 2 of its levels.

Inventory:

Hand Weapons
 i - a +0 morningstar
 j - the +8 frozen axe "Frostbite" (weapon) {freezing cloud, *Noise Fly rC+}
   (You found it on level 6 of the Dungeon)

   It freezes those it strikes, dealing additional cold damage.
   It can also slow down cold-blooded creatures.
   It occasionally leaves clouds of freezing vapour upon striking a foe.
   It grants immunity to clouds of freezing vapour.
   rC:        It protects you from cold.
   Fly:       It grants you flight.
   *Noise:    It may make noises in combat.
Armour
 a - a +0 leather armour (worn)
 e - a scarf of harm
 h - a +0 cloak (worn)
Jewellery
 g - a ring of positive energy
Scrolls
 b - a scroll of fog
 c - a scroll of magic mapping


   Skills:
 - Level 3.0 Fighting
 + Level 4.4 Axes
 - Level 1.7 Dodging
 - Level 4.5 Stealth
 - Level 1.7 Unarmed Combat


You had 4 spell levels left.
You didn't know any spells.
Your spell library was empty.

Dungeon Overview and Level Annotations

Branches:
Dungeon (6/15)
 Temple: D:4-7

Altars:

Annotations:
D:5 Ogre!, exclusion: acid dragon
D:6 Edmund


Innate Abilities, Weirdness & Mutations

You have an unusually large brain. (Int +2)
Spells you cast may paralyse adjacent enemies.
You have a small tail.
You possess an exceptional clarity of mind.
You occasionally shout uncontrollably at your foes.


Message History

The rock shatters into small pieces.
The gnoll shouts!
You hear a shout!
Edmund hits you with a +1 flail of protection.
A gnoll shaman comes into view.
It is wielding a +2 whip of electrocution.
The bullfrog hits you.
Edmund hits you with a +1 flail of protection.
The bullfrog closely misses you. The bullfrog closely misses you.
You barely miss the bullfrog. You tail-slap the bullfrog.
The bullfrog is lightly wounded.
The bullfrog hits you. x2
* * * LOW HITPOINT WARNING * * *
You slash the bullfrog! You freeze the bullfrog.
You kill the bullfrog!
Edmund closely misses you.
Your Axes skill increases to level 4!
You have reached level 5!
Your demonic ancestry asserts itself...
A menacing aura infuses your magic.
Okay, then.
Okay, then.
You aren't carrying any potions.
Okay, then.
You aren't carrying any potions.
You closely miss Edmund.
You hear ice cracking.
You hear a shout! x2
Edmund completely misses you.
Edmund hits you with a +1 flail of protection!
* * * LOW HITPOINT WARNING * * *
Unknown command.
Okay, then.
You aren't carrying any potions.
Okay, then.
Aiming: Dig
Press: ? - help, Shift-Dir - straight line A rock wall.
The rock shatters into small pieces.
The now-empty wand crumbles to dust.
Edmund hits you with a +1 flail of protection!
You die...

... ...# ##. ..... g.g.
#.#.# .# #.##
#.#.##########.####..#
#.#.............>....#
#Z#..######.###### #.#
#.#.)# #.########g#
####.#..######.#@@g.†...#
................#######.#
####.#..........#######.#
#....#.####.............#
#.####.......##.#########
#.# ######.# #.# #.# #.#
#.# #.# .# ... #.# ...


You could see Edmund, a gnoll shaman and a gnoll.

Vanquished Creatures
  A bullfrog (D:6)
  An orc priest (D:6)
  A jelly (D:6)
  A bullfrog skeleton (D:6)
  4 orcs (D:6)
8 creatures vanquished.

Notes
Turn   | Place    | Note
-------+----------+-------------------------------------------
     0 | D:5      | spaghetti the Demonspawn Delver began the quest for the
                  | Orb.
     0 | D:5      | Reached XP level 1. HP: 18/18 MP: 1/1
    69 | D:5      | Noticed an iguana
    70 | D:5      | Noticed an ogre
   120 | D:6      | Found the +8 frozen axe "Frostbite" {freezing cloud, *Noise
                  | Fly rC+}
   221 | D:6      | Reached skill level 1 in Axes
   228 | D:6      | Gained mutation: You occasionally shout uncontrollably at
                  | your foes. [potion of mutation]
   228 | D:6      | Gained mutation: You are dopey. (Int -2) [potion of
                  | mutation]
   228 | D:6      | Lost mutation: You are dopey. (Int -2) [potion of mutation]
   228 | D:6      | Gained mutation: You possess an exceptional clarity of
                  | mind. [potion of mutation]
   232 | D:6      | Gained mutation: You have a small tail. [demonic ancestry]
   232 | D:6      | Reached XP level 2. HP: 10/24 MP: 2/2
   232 | D:6      | Gained mutation: You have an unusually large brain. (Int
                  | +2) [demonic ancestry]
   232 | D:6      | Reached XP level 3. HP: 13/29 MP: 3/3
   514 | D:6      | Noticed an ogre
   582 | D:5      | Noticed an acid dragon
   688 | D:5      | Noticed a hornet
   768 | D:6      | Noticed a water moccasin
   769 | D:6      | Reached XP level 4. HP: 33/35 MP: 4/4
   770 | D:6      | Noticed Edmund
   858 | D:6      | Noticed a bullfrog
   866 | D:6      | Killed a bullfrog
   867 | D:6      | Gained mutation: Spells you cast may paralyse adjacent
                  | enemies. [demonic ancestry]
   867 | D:6      | Reached XP level 5. HP: 12/41 MP: 5/5
   871 | D:6      | Slain by Edmund

Illustrated notes

Levels and vault maps discovered:
D:5:      layout_loops_ring, minmay_temple_entry_crystal_x,
          cheibrodos_sewer_entry_drain, grunt_ministairs_4
D:6:      layout_loops_ring, uniq_edmund, uniq_prince_ribbit1

Skill      XL: |  1  2  3  4 |
---------------+-------------+-----
Axes           | 2 3 4 |  4.4
Fighting       | |  3.0
Dodging        | |  1.7
Stealth        | |  4.5
Unarmed Combat | |  1.7

Action                   |  1- 3 |  4- 6 || total
-------------------------+-------+-------++-------
Melee: Executioner's axe |     8 |     6 ||    14
       Morningstar       |     4 |       ||     4
       Tailslap          |       |     2 ||     2
Evoke: Wand              |     1 |     2 ||     3
  Use: Potion            |     3 |       ||     3
       Scroll            |     1 |     1 ||     2
Armor: Leather armour    |     3 |       ||     3
Dodge: Dodged            |     8 |     7 ||    15
